 Dungeon Crawl Stone Soup version 0.27.1-35-g4d5d836560 (webtiles) character file.

Game seed: 10748737168672491645

2174 Delamore the Thrower (level 9, -9/61 HPs)
             Began as an Octopode Brigand on June 7, 2022.
             Was an Initiate of Gozag.
             Mangled by a wyvern (13 damage)
             ... on level 7 of the Dungeon.
             The game lasted 00:08:37 (7323 turns).

Delamore the Thrower (Octopode Brigand)             Turns: 7323, Time: 00:08:38

Health: -9/61      AC:  1    Str: 10    XL:     9   Next: 32%
Magic:  18/18      EV: 15    Int: 19    God:    Gozag
Gold:   198        SH:  0    Dex: 17    Spells: 8/8 levels left

rFire    . . .     SeeInvis .   m - +2 dagger (venom)
rCold    . . .     Faith    .   (no shield)
rNeg     . . .     Spirit   .   (helmet restricted)
rPois    .         Reflect  .   (no amulet)
rElec    .         Harm     .   t - ring of magical power
rCorr    .         Rampage  .   v - ring of wizardry
Will     .....                  H - +6 ring of intelligence
Stlth    ++++......             (no ring)
HPRegen  0.20/turn              (no ring)
MPRegen  0.16/turn              (no ring)
                                (no ring)
                                (no ring)

@: gold aura, attractive
A: almost no armour, amphibious, 8 rings, camouflage 1, gelatinous body 1,
(nimble swimmer 1), tentacles
a: Renounce Religion, Potion Petition, Call Merchant, Bribe Branch


You were on level 7 of the Dungeon.
You worshipped Gozag.
Gozag was aware of your devotion.
You visited 2 branches of the dungeon, and saw 8 of its levels.
You also visited: Sewer.

You collected 277 gold pieces.
You paid 79 gold pieces to Gozag.

Inventory:

Hand Weapons
 h - a +1 mace of holy wrath
 m - a +2 dagger of venom (weapon)
 r - a +0 short sword of draining
 z - a +0 hunting sling
Missiles
 b - 29 poisoned darts
 c - 2 curare-tipped darts
 k - 228 stones (quivered)
 l - 226 arrows
 q - 6 atropa-tipped darts
 C - 46 sling bullets
 E - 7 javelins
Jewellery
 t - a ring of magical power (left tentacle)
 v - a ring of wizardry (right tentacle)
 H - a +6 ring of intelligence (on tentacle)
Wands
 j - a wand of flame (23)
 o - a wand of digging (4)
 J - a wand of charming (9)
Scrolls
 g - 2 scrolls of magic mapping
 n - 2 scrolls of enchant armour
 s - a scroll of summoning
 w - 2 scrolls of enchant weapon
 y - a scroll of teleportation
 A - a scroll of blinking {unknown}
 B - a scroll of fog {unknown}
 D - a scroll of vulnerability {unknown}
 F - a scroll of fear {unknown}
Potions
 a - a potion of degeneration {unknown}
 d - 3 potions of flight {unknown}
 e - 3 potions of attraction
 f - 4 potions of cancellation {unknown}
 i - 2 potions of invisibility {unknown}
 p - a potion of magic {unknown}
 u - 2 potions of heal wounds {unknown}
 x - 2 potions of mutation {unknown}
 G - a potion of curing {unknown}
 I - a potion of ambrosia {unknown}


   Skills:
 - Level 5.0 Fighting
 - Level 2.0 Short Blades
 * Level 1.0(6.3) Slings
 - Level 10.0 Throwing
 - Level 5.0 Dodging
 + Level 5.4 Stealth
 + Level 0.7 Evocations


You had 8 spell levels left.
You didn't know any spells.
Your spell library contained the following spells:

 Spells                   Type           Power      Damage    Failure   Level
 Magic Dart               Conj           0%         1d3       9%          1
 Corpse Rot               Necr/Air       N/A        N/A       12%         2
 Passwall                 Tmut/Erth      0%         N/A       12%         2
 Poisonous Vapours        Pois/Air       0%         N/A       12%         2
 Searing Ray              Conj           0%         3d3       12%         2
 Call Canine Familiar     Summ           0%         N/A       24%         3
 Gell's Gravitas          Tloc           0%         N/A       24%         3
 Lesser Beckoning         Tloc           0%         N/A       24%         3
 Portal Projectile        Hex/Tloc       0%         N/A       24%         3
 Swiftness                Air            0%         N/A       24%         3
 Teleport Other           Tloc           0%         N/A       24%         3
 Fulminant Prism          Conj/Hex       0%         3d6       58%         4
 Leda's Liquefaction      Hex/Erth       0%         N/A       58%         4
 Freezing Cloud           Conj/Ice/Air   0%         6-21      89%         5
 Invisibility             Hex            0%         N/A       100%        6


Dungeon Overview and Level Annotations

Branches:
Dungeon (7/15)             Temple (1/1) D:6           Sewer (visited)

Altars:
Ashenzari
Cheibriados
Dithmenos
Elyvilon
Fedhas
Gozag
Hepliaklqana
Kikubaaqudgha
Makhleb
Qazlal
Ru
Sif Muna
Trog
Vehumet
Wu Jian
Xom
Yredelemnul
Zin
The Shining One

Annotations:
D:6 exclusion: statue


Innate Abilities, Weirdness & Mutations

You cannot wear most types of armour.
You are amphibious.
You can wear up to eight rings at the same time.
Your skin changes colour to match your surroundings (Stealth+).
Your rubbery body absorbs attacks. (AC +1, EV +1)
((You are camouflaged near water. (Stealth+)))
You have tentacles for arms and can constrict up to eight enemies at once.


Message History

The orc wizard is distracted by your dazzling golden aura.
You shoot a stone. The stone hits the orc wizard.
The orc wizard is no longer distracted by gold.
The orc wizard is severely wounded.
You shoot a stone.
The stone hits the orc wizard but does no damage.
The orc wizard is severely wounded.
The orc wizard points at you and mumbles some strange words.
The magic dart hits you.
You shoot a stone. The stone barely misses the orc wizard.
The stone hits the wyvern but does no damage.
You hear a sizzling splash.
The orc wizard points at you and mumbles some strange words.
The magic dart hits you.
Your +2 dagger of venom begins to drip with poison!
m - a +2 dagger of venom (weapon)
The orc wizard casts a spell at you. The puff of flame misses you.
You hit the orc wizard.
The orc wizard is poisoned.
Your grab misses the orc wizard.
The orc wizard is almost dead.
The orc wizard hits you with a +0 dagger.
You hit the orc wizard.
You kill the orc wizard!
The wyvern barely misses you.
Your base Slings skill increases to level 1!
You barely miss the wyvern. Your squeeze misses the wyvern.
The wyvern bites you! x2
* * * LOW HITPOINT WARNING * * *
You hit the wyvern but do no damage.
The wyvern is poisoned.
The wyvern bites you!
* * * LOW HITPOINT WARNING * * *
Okay, then.
Okay, then.
Okay, then.
It was a potion of attraction.
You feel attractive to monsters. The wyvern bites you!
You die...
Your body crumbles into a pile of gold.

.######$........#........#
.(....($........#........#
.....(..........#........#
.......#####....##########
...(...# #............
.$$....+ +............
..$....# #............
...$...# #............
.......# ##+##@....###
.......# ....$.$l....#
.......# ...(........#
.......# .((≈≈.≈≈....#
....?..# +.($≈.≈.....#
..^..... .$≈.....≈...#
.(≈≈...≈≈...#
((..._......#


You could see a wyvern (very poisoned).

Vanquished Creatures
  Sigmund (D:3)
  2 water moccasins
  An orc warrior (D:5)
  An ice beast (D:6)
  A necrophage (D:5)
  3 ogres
  3 centaurs
  A kobold brigand (D:7)
  3 scorpions
  A wyvern skeleton (D:4)
  4 killer bees (D:5)
  3 howler monkeys (D:7)
  A centaur zombie (D:7)
  A hound (D:5)
  An orc priest (D:7)
  Ijyb (D:4)
  Jessica (D:2)
  3 iguanas
  2 orc wizards
  A hound skeleton (D:4)
  A howler monkey skeleton (D:3)
  A gnoll (D:1)
  3 adders
  2 adder skeletons (D:4)
  3 worms (D:5)
  3 dart slugs
  9 orcs
  9 bats
  9 endoplasms
  5 giant cockroaches
  8 goblins
  3 hobgoblins
  7 jackals
  12 kobolds
  4 quokkas
  5 ball pythons
  3 frilled lizards
  3 rats
125 creatures vanquished.

Notes
Turn   | Place    | Note
-------+----------+-------------------------------------------
     0 | D:1      | Delamore the Octopode Brigand began the quest for the Orb.
     0 | D:1      | Reached XP level 1. HP: 14/14 MP: 1/1
   350 | D:1      | Reached XP level 2. HP: 9/19 MP: 2/2
   730 | D:1      | Reached XP level 3. HP: 25/25 MP: 3/3
   913 | D:2      | Reached skill level 3 in Throwing
   979 | D:2      | Found a glowing silver altar of Zin.
  1242 | D:2      | Reached XP level 4. HP: 28/30 MP: 4/4
  1376 | D:2      | Noticed Jessica
  1385 | D:2      | Killed Jessica
  1820 | D:3      | You fall into a shaft and drop 3 floors!
  1822 | D:6      | Noticed a water moccasin
  1834 | D:6      | Killed a water moccasin
  1835 | D:6      | Reached skill level 4 in Throwing
  1835 | D:6      | Reached XP level 5. HP: 18/36 MP: 5/5
  2127 | D:6      | Found a radiant altar of Vehumet.
  2127 | D:6      | Noticed a frost-covered statue
  2165 | D:5      | Entered Level 5 of the Dungeon
  2182 | D:5      | Noticed a necrophage
  2190 | D:5      | Killed a necrophage
  2191 | D:5      | Reached XP level 6. HP: 32/42 MP: 6/6
  2396 | D:5      | Reached skill level 5 in Throwing
  2458 | D:5      | Reached XP level 7. HP: 22/47 MP: 7/7
  2500 | D:5      | Found a sacrificial altar of Ru.
  2502 | D:5      | Found a shimmering blue altar of Sif Muna.
  2502 | D:5      | Found an ornate altar of the Wu Jian Council.
  2505 | D:5      | Found a shadowy altar of Dithmenos.
  2506 | D:5      | Found a glowing silver altar of Zin.
  2521 | D:5      | Found a glowing drain.
  2540 | Sewer    | Entered a sewer
  3052 | D:5      | Reached skill level 6 in Throwing
  3537 | D:3      | Noticed Sigmund
  3541 | D:3      | Killed Sigmund
  3542 | D:3      | Reached XP level 8. HP: 54/54 MP: 8/8
  3696 | D:3      | Found a faded altar of an unknown god.
  4214 | D:4      | Reached skill level 5 in Fighting
  4391 | D:4      | Reached skill level 7 in Throwing
  4420 | D:4      | Reached skill level 5 in Dodging
  4699 | D:4      | Noticed Ijyb
  4712 | D:4      | Killed Ijyb
  5006 | D:4      | Reached skill level 8 in Throwing
  5385 | D:5      | Reached skill level 9 in Throwing
  5385 | D:5      | Reached XP level 9. HP: 28/61 MP: 9/9
  6583 | D:6      | Found a staircase to the Ecumenical Temple.
  6592 | Temple   | Entered the Ecumenical Temple
  6638 | Temple   | Became a worshipper of Gozag Ym Sagoz the Greedy
  7237 | D:7      | Reached skill level 10 in Throwing
  7285 | D:7      | Found a shimmering altar of Xom.
  7321 | D:7      | Reached skill level 1 in Slings
  7323 | D:7      | Mangled by a wyvern

Illustrated notes

Levels and vault maps discovered:
D:1:      dpeg_arrival_three_smaller_balls, layout_rooms, serial_bayou,
          serial_bayou_pond_d, serial_bayou_pond_a, serial_bayou_lake_a,
          serial_bayou_pond_c
D:2:      layout_loops_cross, serial_glass, glass_columns_c, glass_columns_a,
          glass_columns_a, glass_columns_b, basic_altar, uniq_jessica
D:3:      layout_basic, hellmonk_ecumenical_altar_zigzags, uniq_sigmund
D:4:      layout_loops_ring, wad_floor_pattern_untrapped, st_stairs_2, uniq_ijyb
D:5:      layout_loops_ring, minitemple, cheibrodos_sewer_entry_bend
D:6:      layout_basic, vehumet_statue, minmay_temple_entry_wispy
D:7:      layout_gridville, mainiacjoe_overflow_small_starburst, uniq_duvessa
Temple:   minmay_temple_bridge_abc

Skill      XL: |  1  2  3  4  5  6  7  8  9 |
---------------+----------------------------+-----
Throwing       | 3 4 5 6 9 10 | 10.0
Dodging        | 2 3 4 5 |  5.0
Fighting       | 3 4 5 |  5.0
Slings         | 1 |  1.0
Short Blades   | |  2.0
Stealth        | |  5.4
Evocations     | |  0.7

Action                   |  1- 3 |  4- 6 |  7- 9 || total
-------------------------+-------+-------+-------++-------
Melee: Dagger            |    47 |    37 |   156 ||   240
       Constrict         |     5 |    10 |    31 ||    46
       Tentacles         |     1 |     8 |    32 ||    41
 Fire: Hunting sling     |       |       |    30 ||    30
Throw: Stone             |       |    12 |    26 ||    38
       Dart              |       |     1 |    27 ||    28
Evoke: Wand              |       |     8 |       ||     8
  Use: Scroll            |       |     2 |     3 ||     5
       Potion            |       |       |     1 ||     1
 Stab: Sleeping          |    19 |     3 |    20 ||    42
Armor: Skin              |       |     6 |     5 ||    11
Dodge: Dodged            |    17 |    26 |   108 ||   151
